 Dungeon Crawl Stone Soup version 0.26.1-11-gd32895ea62 (webtiles) character file.

Game seed: 7822795592344522034

49 Zeld the Insei (level 3, 0/23 HPs)
             Began as an Octopode Transmuter on May 26, 2021.
             Was an Initiate of Gozag.
             Slain by a jackal (2 damage)
             ... on level 3 of the Dungeon.
             The game lasted 00:03:27 (2082 turns).

Zeld the Insei (Octopode Transmuter)                Turns: 2082, Time: 00:03:28

Health: 0/23       AC:  1    Str: 10    XL:     3   Next: 77%
Magic:  15/15      EV: 13    Int: 15    God:    Gozag
Gold:   60         SH:  0    Dex: 12    Spells: 1/7 levels left

rFire    . . .     SeeInvis .     - Unarmed
rCold    . . .     Faith    .   (no shield)
rNeg     . . .     Spirit   .   (helmet restricted)
rPois    .         Reflect  .   (no amulet)
rElec    .         Harm     .   c - ring of magical power
rCorr    .         Rampage  .   (no ring)
Will     .....                  (no ring)
Stlth    ++........             (no ring)
HPRegen  0.07/turn              (no ring)
MPRegen  0.14/turn              (no ring)
                                (no ring)
                                (no ring)

@: lethally poisoned (0 -> -1), invisible
A: almost no armour, stealthy swim, amphibious, 8 rings, constrict 8, camouflage
1, gelatinous body 1
a: Renounce Religion, Potion Petition, Call Merchant, Bribe Branch


You were on level 3 of the Dungeon.
You worshipped Gozag.
Gozag was noncommittal.
You visited 1 branch of the dungeon, and saw 3 of its levels.

You collected 64 gold pieces.
You paid 4 gold pieces to Gozag.

Inventory:

Jewellery
 c - a ring of magical power (left tentacle)
Scrolls
 a - a scroll of identify {unknown}
 e - a scroll of magic mapping {unknown}
 h - a scroll of teleportation {unknown}
 i - 2 scrolls of noise {unknown}
 l - a scroll of blinking {unknown}
Potions
 b - a potion of haste {unknown}
 d - a potion of might {unknown}
 f - a potion of magic {unknown}
 g - a potion of curing {unknown}
 j - 2 potions of ambrosia {unknown}
 m - a potion of attraction {unknown}


   Skills:
 + Level 1.6 Fighting
 + Level 2.4 Dodging
 - Level 3.0 Unarmed Combat
 * Level 2.6 Spellcasting
 * Level 2.7 Transmutations


You had one spell level left.
You knew the following spells:

 Your Spells              Type           Power        Failure   Level
a - Beastly Appendage     Tmut           20%          7%          1
b - Wereblood             Tmut           10%          10%         2
c - Spider Form           Tmut/Pois      3%           34%         3

Your spell library contained the following spells:

 Spells                   Type           Power        Failure   Level
 Ice Form                 Ice/Tmut       6%           75%         4
 Blade Hands              Tmut           5%           88%         5


Dungeon Overview and Level Annotations

Branches:
Dungeon (2/15)

Altars:
Ashenzari
Gozag
Okawaru
Trog
Wu Jian
Xom
The Shining One


Innate Abilities, Weirdness & Mutations

You cannot wear most types of armour.
You are very stealthy in the water. (Stealth+)
You are amphibious.
You can wear up to eight rings at the same time.
You can use your tentacles to constrict eight enemies at once.
Your skin changes colour to match your surroundings (Stealth+).
Your rubbery body absorbs attacks. (AC +1, EV +1)


Message History

You feel sick.
You hear a bark! x2
You howl as the wereblood boils in your veins! 2 jackals come into view.
The jackal barks!
A jackal comes into view.
The jackal moves out of view.
Your primal bloodlust has ended.
* * * LOW HITPOINT WARNING * * *
You feel sick.
You hear a shout!
Found 16 stones.
A worm comes into view.
A goblin comes into view. It is wielding a +0 dagger.
Okay, then.
It was a potion of invisibility.
You fade into invisibility!
The jackal bites you.
You die...
Your body crumbles into a pile of gold.

.# .# .### #
... .. ##.##
..#
####...##...
#.@Kh#......
...w.g.#h..h#
####.#...#l##
# ##.##.# #.
#.# #. #l# #.
#.# #. #l# (.
#.#


You could see a worm (wandering), 3 jackals, a goblin, a kobold and a frilled
lizard.

Vanquished Creatures
  An adder (D:3)
  An ooze (D:1)
  A dart slug (D:2)
  A ball python (D:2)
  5 bats
  A giant cockroach (D:1)
  4 hobgoblins
  6 jackals
  2 kobolds (D:1)
  A quokka (D:2)
  A frilled lizard (D:1)
  2 goblins (D:2)
  8 rats
34 creatures vanquished.

Notes
Turn   | Place    | Note
-------+----------+-------------------------------------------
     0 | D:1      | Zeld the Octopode Transmuter began the quest for the Orb.
     0 | D:1      | Reached XP level 1. HP: 13/13 MP: 3/3
   183 | D:1      | Reached XP level 2. HP: 18/18 MP: 3/5
   671 | D:1      | Learned a level 2 spell: Wereblood
  1269 | D:1      | Reached XP level 3. HP: 14/23 MP: 6/6
  1273 | D:1      | Learned a level 3 spell: Spider Form
  1660 | D:2      | Found a bloodstained altar of Trog.
  1661 | D:2      | Found a broken altar of Ashenzari.
  1661 | D:2      | Found a glowing golden altar of the Shining One.
  1663 | D:2      | Found an iron altar of Okawaru.
  1663 | D:2      | Found an ornate altar of the Wu Jian Council.
  1665 | D:2      | Found an opulent altar of Gozag.
  1666 | D:2      | Found a shimmering altar of Xom.
  1674 | D:2      | Became a worshipper of Gozag Ym Sagoz the Greedy
  2052 | D:2      | You fall into a shaft and drop 1 floor!
  2082 | D:3      | Slain by a jackal

Illustrated notes

Levels and vault maps discovered:
D:1:      lightli_arrival_windingriver, layout_loops_corners
D:2:      layout_basic, grunt_temple_overflow_open
D:3:      layout_loops_ring, glass_columns_b, elyvilon_altar_4

Action                   || total
-------------------------++-------
Melee: Unarmed           ||    64
       Constrict         ||    21
       Kick              ||    13
       Tentacles         ||     8
       Punch             ||     3
 Cast: Beastly Appendage ||    17
       Wereblood         ||     1
  Use: Potion            ||     1
 Stab: Sleeping          ||     3
Armor: Skin              ||     4
Dodge: Dodged            ||    57
